 Dungeon Crawl Stone Soup version 0.25-a0-308-geac79542e2 (webtiles) character file.

Game seed: 192125862938206805, levelgen mode: deterministic

184 Goblin1989 the Firebug (level 5, -1/31 HPs)
             Began as an Octopode Fire Elementalist on Dec 22, 2019.
             Slain by a hippogriff (6 damage)
             ... on level 3 of the Dungeon.
             The game lasted 00:09:41 (3276 turns).

Goblin1989 the Firebug (Octopode Fire Elementalist) Turns: 3276, Time: 00:09:42

Health: -1/31      AC:  1    Str:  8    XL:     5   Next: 64%
Magic:  8/18       EV: 14    Int: 18    God:
Gold:   175        SH:  0    Dex: 12    Spells: 1/9 levels left

rFire    . . .     SeeInvis .   A - +2 dagger (elec)
rCold    . . .     Gourm    .   (no shield)
rNeg     . . .     Faith    .   (helmet restricted)
rPois    .         Spirit   .   (no amulet)
rElec    .         Reflect  .   g - ring of resist corrosion
rCorr    +         Harm     .   B - ring of magical power
MR       .....                  (no ring)
Stlth    +++.......             (no ring)
HPRegen  0.10/turn              (no ring)
MPRegen  0.16/turn              (no ring)
                                (no ring)
                                (no ring)

@: no status effects
A: almost no armour, stealthy swim, amphibious, 8 rings, constrict 8, camouflage
1, gelatinous body 1
a: no special abilities


You were on level 3 of the Dungeon.
You were not hungry.

You visited 1 branch of the dungeon, and saw 3 of its levels.

You collected 175 gold pieces.

Inventory:

Hand Weapons
 z - a +0 rapier
 A - a +2 dagger of electrocution (weapon)
 D - a cursed -1 club
 E - a +0 flail of protection
Missiles
 h - 67 stones {@Q3}
 k - 25 poisoned darts (quivered)
 n - 11 arrows
Jewellery
 g - a ring of resist corrosion (left tentacle)
 B - a ring of magical power (right tentacle)
Scrolls
 f - a scroll of blinking {unknown}
 o - 5 scrolls of identify {unknown}
 p - a scroll of fog {unknown}
 q - 2 scrolls of remove curse {unknown}
 t - a scroll of fear {unknown}
 y - a scroll of enchant weapon {unknown}
Potions
 i - a potion of might {unknown}
 m - a potion of ambrosia {unknown}
 s - a potion of berserk rage {unknown}
 u - 2 potions of flight {unknown}
 v - 2 potions of agility {unknown}
 x - 3 potions of curing {unknown}
 F - a potion of brilliance {unknown}
Comestibles
 e - 6 rations
 C - 8 chunks of flesh


   Skills:
 + Level 2.6 Dodging
 - Level 2.6 Stealth
 + Level 2.7 Spellcasting
 * Level 3.1 Conjurations
 * Level 4.3 Fire Magic


You had one spell level left.
You knew the following spells:

 Your Spells              Type           Power        Failure   Level  Hunger
a - Foxfire               Conj/Fire      ###.         3%          1    None
b - Sticky Flame          Conj/Fire      ###.....     34%         4    ####...
j - Conjure Flame         Conj/Fire      ###.....     11%         3    ###....

Your spell library contained the following spells:

 Spells                   Type           Power        Failure   Level  Hunger
 Inner Flame              Hex/Fire       ##......     21%         3    ###....
 Fireball                 Conj/Fire      ###.......   69%         5    ######.


Dungeon Overview and Level Annotations

Branches:
Dungeon (3/15)

Altars:
Cheibriados
Hepliaklqana
Uskayaw
Wu Jian


Innate Abilities, Weirdness & Mutations

You cannot wear most types of armour.
You are very stealthy in the water. (Stealth+)
You are amphibious.
You can wear up to eight rings at the same time.
You can use your tentacles to constrict eight enemies at once.
Your skin changes colour to match your surroundings (Stealth+).
Your rubbery body absorbs attacks. (AC +1, EV +1)


Message History

No target in view!
No target in view!
No target in view!
No target in view!
No target in view!
No target in view!
No target in view!
You now have 175 gold pieces (gained 4).
A rat comes into view.
A rat is nearby!
The rat bites you.
You take 1 damage, and have 30/31 hp.
You hit the rat. Lightning courses through the rat!!
You kill the rat!
No target in view!
No target in view!
x - 3 glowing black potions (gained 1) Health restored: 31
e - 6 rations (gained 1)
A hippogriff comes into view.
A hippogriff is nearby!
Unknown command.
Casting: Foxfire (safe; 3% risk of failure)
Confirm with . or Enter, or press ? or * to list all spells.
You conjure some foxfire!
You now have 17/18 mp.
Unknown command.
Casting: Foxfire (safe; 3% risk of failure)
Confirm with . or Enter, or press ? or * to list all spells.
You conjure some foxfire!
You now have 16/18 mp.
Unknown command.
Casting: Foxfire (safe; 3% risk of failure)
Confirm with . or Enter, or press ? or * to list all spells.
You conjure some foxfire!
The foxfire hits the hippogriff.
The hippogriff is lightly wounded.
Your foxfire dissipates!
You now have 15/18 mp.
Unknown command.
Casting: Foxfire (safe; 3% risk of failure)
Confirm with . or Enter, or press ? or * to list all spells.
You conjure some foxfire!
The foxfire hits the hippogriff.
The hippogriff is lightly wounded.
The foxfire hits the hippogriff.
The hippogriff is moderately wounded.
You now have 14/18 mp.
Casting: Foxfire (safe; 3% risk of failure)
Confirm with . or Enter, or press ? or * to list all spells.
You conjure some foxfire!
Your foxfire dissipates!
You now have 13/18 mp.
Unknown command.
Casting: Foxfire (safe; 3% risk of failure)
Confirm with . or Enter, or press ? or * to list all spells.
You conjure some foxfire!
The foxfire hits the hippogriff.
The hippogriff is moderately wounded.
The foxfire hits the hippogriff.
The hippogriff is moderately wounded.
The foxfire hits the hippogriff.
The hippogriff is heavily wounded.
Some of the chunks of flesh in your inventory have rotted away.
Casting: Foxfire (safe; 3% risk of failure)
Confirm with . or Enter, or press ? or * to list all spells.
You conjure some foxfire!
The foxfire hits the hippogriff.
The hippogriff is severely wounded.
You now have 12/18 mp.
Unknown command.
Unknown command.
Casting: Foxfire (safe; 3% risk of failure)
Confirm with . or Enter, or press ? or * to list all spells.
The fire begins to smolder!
The foxfire hits the hippogriff.
The hippogriff is severely wounded.
You now have 9/18 mp.
The foxfire hits the hippogriff.
The hippogriff is severely wounded.
The hippogriff smothers the flame.
Unknown command.
You hit the hippogriff.
The hippogriff is almost dead.
The hippogriff bites you. The hippogriff pecks you. The hippogriff claws you!
You take 15 damage, and have 16/31 hp.
MASSIVE DAMAGE!!
You hit the hippogriff. Your squeeze misses the hippogriff.
The hippogriff is almost dead.
The hippogriff bites you. The hippogriff closely misses you. x2
You take 2 damage, and have 14/31 hp.
Casting: Conjure Flame (safe; 11% risk of failure)
Confirm with . or Enter, or press ? or * to list all spells.
You conjure some foxfire!
The hippogriff closely misses you. The hippogriff misses you.
The hippogriff claws you.
* * * LOW HITPOINT WARNING * * *
You take 5 damage, and have 9/31 hp.
You now have 8/18 mp.
Unknown command.
Casting: Foxfire (safe; 3% risk of failure)
Confirm with . or Enter, or press ? or * to list all spells.
You conjure some foxfire!
The foxfire hits the hippogriff.
The hippogriff is almost dead.
The hippogriff closely misses you. The hippogriff pecks you.
* * * LOW HITPOINT WARNING * * *
The hippogriff claws you.
You die...

.█.█........████████████.█ .█
█........█ .█ .█ █........█ .█
.█.█........███████ .█
.█.█..............██████.█
.......█▲█...............█
.█.█.█.█..............v§..
.█.█....██.......H██████§.....
.█.█....██████.█@v...........
.█.█....██████..vv.████.....█
.█.█...............█ █.....█
........█████...██.█ █.....███.
.█.█.>..█ █......████...).....
.█.█....█████...█████.........█
.█.█..........................█
.█.█.........>......█.........█
.█.█.████.███.......█.........█


You could see a hippogriff.

Vanquished Creatures
  2 orc wizards (D:3)
  3 adders (D:2)
  An ooze (D:3)
  2 worms (D:2)
  4 dart slugs
  5 leopard geckos
  4 orcs (D:3)
  3 bats
  5 giant cockroaches
  5 goblins
  12 hobgoblins
  4 jackals (D:1)
  A ball python (D:2)
  5 frilled lizards
  8 kobolds
  11 rats
75 creatures vanquished.

Vanquished Creatures (others)
  153 foxfires
153 creatures vanquished.

Grand Total: 228 creatures vanquished

Notes
Turn   | Place    | Note
-------+----------+-------------------------------------------
     0 | D:1      | Goblin1989 the Octopode Fire Elementalist began the quest
                  | for the Orb.
     0 | D:1      | Reached XP level 1. HP: 11/11 MP: 3/3
     8 | D:1      | Noticed a minotaur skeleton
    21 | D:1      | Noticed a minotaur skeleton
   139 | D:1      | Reached XP level 2. HP: 17/17 MP: 1/5
   488 | D:1      | Reached XP level 3. HP: 21/21 MP: 1/6
   600 | D:1      | Learned a level 3 spell: Conjure Flame
  1285 | D:2      | Reached XP level 4. HP: 27/27 MP: 3/7
  1377 | D:2      | Found a hide-covered altar of Uskayaw.
  1614 | D:2      | Learned a level 4 spell: Sticky Flame
  1882 | D:2      | Found a snail-covered altar of Cheibriados.
  2641 | D:3      | Reached skill level 4 in Fire Magic
  2641 | D:3      | Reached XP level 5. HP: 31/31 MP: 1/8
  2975 | D:3      | Found an ornate altar of the Wu Jian Council.
  2980 | D:3      | Found a hazy altar of Hepliaklqana.
  3231 | D:3      | Noticed a hippogriff
  3276 | D:3      | Slain by a hippogriff

Levels and vault maps discovered:
D:1:      shiori_arrival_whats_in_store_for_you, layout_basic,
          minmay_pentomino_x4
D:2:      layout_basic, nicolae_overflow_crystal_walls, cheibriados_altar_1
D:3:      layout_basic, minitemple, minmay_misc_feat_rows

Skill      XL: |  1  2  3  4  5 |
---------------+----------------+-----
Conjurations   | 2 3 |  3.1
Fire Magic     | 4 |  4.3
Dodging        | |  2.6
Stealth        | |  2.6
Spellcasting   | |  2.7

Action                   |  1- 3 |  4- 6 || total
-------------------------+-------+-------++-------
Melee: Dagger            |    48 |    22 ||    70
       Constrict         |    12 |     6 ||    18
       Tentacles         |    10 |     6 ||    16
       Rapier            |       |    17 ||    17
 Cast: Foxfire           |    44 |    56 ||   100
       Conjure Flame     |       |     1 ||     1
 Stab: Sleeping          |     2 |     3 ||     5
  Eat: Chunk             |     2 |     6 ||     8
Armor: Skin              |     3 |     1 ||     4
Dodge: Dodged            |    29 |    31 ||    60

Table legend:
 A = Non-vault XP
 B = Vault XP
 C = Vault XP percentage of total XP
 D = Non-vault monster count
 E = Vault monster count
 F = Vault count percentage of total count
                 A         B        C        D         E       F
            +---------+---------+-------+---------+---------+-------
      Total |     258 |       6 |   2.3 |      72 |       3 |   4.0
            +---------+---------+-------+---------+---------+-------
        D:1 |      59 |       6 |   9.2 |      32 |       3 |   8.6
        D:2 |      80 |       0 |   0.0 |      22 |       0 |   0.0
        D:3 |     119 |       0 |   0.0 |      18 |       0 |   0.0
            +---------+---------+-------+---------+---------+-------

Levels and vault maps discovered:
D:1:      shiori_arrival_whats_in_store_for_you, layout_basic,
          minmay_pentomino_x4
D:2:      layout_basic, nicolae_overflow_crystal_walls, cheibriados_altar_1
D:3:      layout_basic, minitemple, minmay_misc_feat_rows
